 Dungeon Crawl Stone Soup version 0.28-a0-563-gf77a47075d (webtiles) character file.

Game seed: 5760414719683112422

240 zero the Conjurer (level 6, -1/39 HPs)
             Began as an Octopode Conjurer on Sept 29, 2021.
             Was an Initiate of Ashenzari.
             Slain by a gnoll (11 damage)
             ... on level 4 of the Dungeon.
             The game lasted 00:07:22 (3716 turns).

zero the Conjurer (Octopode Conjurer)               Turns: 3716, Time: 00:07:22

Health: -1/39      AC:  1    Str:  6    XL:     6   Next: 8%
Magic:  3/12       EV: 17    Int: 23    God:    Ashenzari [......]
Gold:   181        SH:  0    Dex: 10    Spells: 6/13 levels left

rFire   . . .      SeeInvis .   e - +0 hunting sling
rCold   . . .      Faith    .   (no shield)
rNeg    . . .      Spirit   .   (helmet restricted)
rPois   .          Reflect  .   (no amulet)
rElec   .          Harm     .   g - +4 ring of evasion
rCorr   .          Rampage  .   (no ring)
Will    .....                   (no ring)
Stlth   +++.......              (no ring)
HPRegen 0.13/turn               (no ring)
MPRegen 0.13/turn               (no ring)
                                (no ring)
                                (no ring)

@: no status effects
A: almost no armour, amphibious, 8 rings, camouflage 1, gelatinous body 1,
(nimble swimmer 1), tentacles
a: Renounce Religion


You were on level 4 of the Dungeon.
You worshipped Ashenzari.
Ashenzari was noncommittal.
You visited 1 branch of the dungeon, and saw 4 of its levels.

You collected 181 gold pieces.

Inventory:

Hand Weapons
 e - a +0 hunting sling (weapon)
Missiles
 f - 141 stones
 h - 3 sling bullets (quivered ammo)
 q - 10 poisoned darts
Jewellery
 g - a +4 ring of evasion (left tentacle)
Scrolls
 b - a scroll of fear
 c - a scroll of teleportation
 j - a scroll of identify
 m - a scroll of noise
 n - a scroll of magic mapping
 o - a scroll of torment
 p - a scroll of enchant armour
Potions
 a - 3 potions of flight
 d - 3 potions of curing
 i - a potion of degeneration
 k - a potion of brilliance
 l - a potion of attraction


   Skills:
 - Level 2.0 Fighting
 - Level 1.0 Slings
 - Level 2.0 Dodging
 - Level 4.0 Stealth
 - Level 1.0 Unarmed Combat
 * Level 4.1 Spellcasting
 + Level 4.2 Conjurations
 + Level 1.1 Translocations


You had 6 spell levels left.
You knew the following spells:

 Your Spells              Type           Power      Damage    Failure   Level
a - Magic Dart            Conj           96%        1d7       1%          1
b - Searing Ray           Conj           48%        2d6       2%          2
c - Iskenderun's Mystic   Conj/Tloc      17%        2d5       32%         4

Your spell library contained the following spells:

 Spells                   Type           Power      Damage    Failure   Level
 Animate Skeleton         Necr           8%         N/A       11%         1
 Pain                     Necr           16%        1d4       11%         1
 Dazzling Flash           Conj/Hex       28%        N/A       13%         3
 Vampiric Draining        Necr           2%         2d6       30%         3
 Fulminant Prism          Conj/Hex       7%         3d7       38%         4


Dungeon Overview and Level Annotations

Branches:
Dungeon (4/15)
 Temple: D:4-7

Altars:
Ashenzari
Trog
Uskayaw
Wu Jian


Innate Abilities, Weirdness & Mutations

You cannot wear most types of armour.
You are amphibious.
You can wear up to eight rings at the same time.
Your skin changes colour to match your surroundings (Stealth+).
Your rubbery body absorbs attacks. (AC +1, EV +1)
((You are camouflaged near water. (Stealth+)))
You have tentacles for arms and can constrict up to eight enemies at once.


Message History

The gnoll shouts!
You hear a shout!
A gnoll comes into view. It is wielding a +0 whip.
The magic dart hits the orc but does no damage.
The gnoll shouts!
You hear a shout!
The magic dart hits the orc.
The orc is lightly wounded.
The magic dart hits the orc but does no damage.
The orc is lightly wounded.
A gnoll comes into view. It is wielding a +0 whip.
The orc closely misses you.
The magic dart hits the orc.
The orc is moderately wounded.
The gnoll shouts!
You hear a shout!
The orc barely misses you.
The magic dart hits the orc but does no damage.
The orc is moderately wounded.
The gnoll hits you with a +0 flail! The orc barely misses you.
Your magical contamination has completely faded away.
The orc misses you.
Casting: Magic Dart (safe; 1% risk of failure)
Confirm with . or Enter, or press ? or * to list all spells.
Aiming: Searing Ray (safe; 2% risk of failure)
Press: ? - help, Shift-Dir - straight line, f/p - orc
Aim: an orc, wielding a +0 whip and wearing a +0 scale mail (moderately wounded, 82% to hit)
The searing ray misses the gnoll.
The searing ray hits the orc.
The orc is heavily wounded. (Press . to maintain the ray.)
The gnoll hits you with a +0 flail!
The searing ray hits the gnoll!
The gnoll is heavily wounded.
The searing ray hits the orc.
You kill the orc!
The gnoll hits you with a +0 flail!
* * * LOW HITPOINT WARNING * * *
The searing ray hits the gnoll.
The gnoll is severely wounded.
The searing ray hits the gnoll.
The gnoll is moderately wounded.
The gnoll hits you with a +0 flail!
You die...

#.#####............
#†# #############
#.# ###NS...#N #.#
#.......#S ###.#
#....##$.. #...#
##########
#.###########.#
#.##.........#
#.##@#####..##
#.##g# #..## #.##)#
#...#
#.#.g####..#.#
#..#.......##..
###..##.#### #..
#..#...## ..#
#.....).# .#
#.....†.......#


You could see 2 gnolls.

Vanquished Creatures
  A necrophage (D:2)
  An orc wizard (D:4)
  3 gnolls (D:3)
  An adder (D:3)
  A worm (D:3)
  2 dart slugs
  2 orcs
  3 bats
  5 endoplasms
  9 giant cockroaches
  9 goblins
  7 hobgoblins
  2 jackals (D:4)
  5 quokkas
  10 ball pythons
  3 frilled lizards
  4 kobolds
  2 rats
70 creatures vanquished.

Vanquished Creatures (others)
  2 fungi (D:4)
2 creatures vanquished.

Grand Total: 72 creatures vanquished

Notes
Turn   | Place    | Note
-------+----------+-------------------------------------------
     0 | D:1      | zero the Octopode Conjurer began the quest for the Orb.
     0 | D:1      | Reached XP level 1. HP: 11/11 MP: 3/3
   240 | D:2      | Reached XP level 2. HP: 18/18 MP: 5/5
   371 | D:1      | Learned a level 2 spell: Searing Ray
   411 | D:1      | Found a faded altar of an unknown god.
   893 | D:1      | Reached XP level 3. HP: 22/22 MP: 2/6
  1156 | D:2      | Reached skill level 1 in Unarmed Combat
  1292 | D:2      | Reached skill level 1 in Fighting
  1580 | D:2      | Noticed a necrophage
  1712 | D:2      | Killed a necrophage
  1713 | D:2      | Reached skill level 1 in Slings
  1713 | D:2      | Reached XP level 4. HP: 6/29 MP: 0/9
  1713 | D:2      | Reached XP level 5. HP: 7/34 MP: 0/10
  2055 | D:2      | Found an ornate altar of the Wu Jian Council.
  2064 | D:2      | Learned a level 4 spell: Iskenderun's Mystic Blast
  2256 | D:3      | Found a hide-covered altar of Uskayaw.
  2532 | D:3      | Found a bloodstained altar of Trog.
  3482 | D:4      | Found a broken altar of Ashenzari.
  3486 | D:4      | Saw a vision of the Swamp and the Snake Pit.
  3486 | D:4      | Noticed an alligator
  3486 | D:4      | Noticed a vampire mosquito
  3486 | D:4      | Noticed a vampire mosquito
  3486 | D:4      | Noticed a will-o-the-wisp
  3486 | D:4      | Noticed a black mamba
  3486 | D:4      | Noticed a mana viper
  3486 | D:4      | Noticed a naga
  3486 | D:4      | Noticed a guardian serpent
  3487 | D:4      | Noticed a shock serpent
  3487 | D:4      | Noticed a naga sharpshooter
  3498 | D:4      | Became a worshipper of Ashenzari the Shackled
  3585 | D:4      | Reached skill level 1 in Translocations
  3585 | D:4      | Reached XP level 6. HP: 39/39 MP: 5/12
  3716 | D:4      | Slain by a gnoll

Illustrated notes

Levels and vault maps discovered:
D:1:      grunt_arrival_lava_bath, layout_basic,
          hellmonk_ecumenical_altar_pennies_from_heaven
D:2:      layout_rooms, basic_altar, serial_rivers,
          chequers_serial_rivers_small_b, chequers_serial_rivers_large_b,
          chequers_serial_rivers_micro_b, chequers_serial_rivers_room_b,
          chequers_serial_rivers_micro_c
D:3:      minmay_general_purpose_star, layout_basic,
          mainiacjoe_overflow_alcove_1, mainiacjoe_overflow_brackets,
          gup_sewer_entry_spiral
D:4:      wander_river, layout_loops_ring, grunt_ashenzari_visionary
          [grunt_ashenzari_visionary_swamp, grunt_ashenzari_visionary_snake],
          minivault_5

Skill      XL: |  1  2  3  4  5 |
---------------+----------------+-----
Stealth        | 3 4 |  4.0
Unarmed Combat | 1 |  1.0
Fighting       | 1 2 |  2.0
Slings         | 1 |  1.0
Spellcasting   | 3 4 |  4.1
Translocations | 1 |  1.1
Dodging        | |  2.0
Conjurations   | |  4.2

Action                   |  1- 3 |  4- 6 || total
-------------------------+-------+-------++-------
Melee: Unarmed           |    21 |       ||    21
       Constrict         |     5 |       ||     5
       Tentacles         |     2 |       ||     2
 Fire: Hunting sling     |     4 |    36 ||    40
 Cast: Magic Dart        |    42 |    52 ||    94
       Searing Ray       |     3 |     6 ||     9
 Stab: Sleeping          |     2 |       ||     2
Armor: Skin              |     3 |       ||     3
Dodge: Dodged            |    14 |    27 ||    41

Table legend: (Time is in decaauts)
 A = Elapsed time spent in this place.
 B = Non-inter-level travel time spent in this place.
 C = Inter-level travel time spent in this place.
 D = Time resting spent in this place.
 E = Time spent auto-exploring this place.
 F = Levels seen in this place.
 G = Mean time per level.
                   A        B        C        D        E       F      G
               +--------+--------+--------+--------+--------+-----+--------+
         Total |   3722 |   3545 |    177 |    888 |   2067 |   4 |  930.5 |
       Dungeon |   3722 |   3545 |    177 |    888 |   2067 |   4 |  930.5 |
               +--------+--------+--------+--------+--------+-----+--------+

Top non-repeatable levels by time:
     D:2: 1221 daAuts
     D:3: 1142 daAuts
     D:1: 992 daAuts
     D:4: 366 daAuts
